Cogmind - Beta 12 X4 *** ADVENTURER MODE // 2022.11.12 @ 11:35:10 Player: Deus Result: Destroyed by P-60 Hacker with Shock Rifle Performance ------------- Evolutions (1) 500 Regions Visited (5) 1000 Robots Destroyed (53) 265 Value Destroyed (1364) 1364 Prototype IDs (26) 520 Alien Tech Used (0) 0 Bonus (323) 323 TOTAL SCORE: 3972 Bonus ------- High Alert Combat Kills 23 Aligned with FarCom 300 Cogmind --------- Core Integrity 0/400 Matter 4/300 Energy 99/100 System Corruption 4% Temperature Cool (0) Movement Core (50) Location -9/Exiles Parts ------- > --- POWER (1) -------- (None) > --- PROPULSION (3) --- (None) > --- UTILITY (3) ------ (None) > --- WEAPON (2) ------- (None) > --- INVENTORY (5) ---- Large Storage Unit XL Autogun Array Peak State ------------ > --- POWER ------------ Light Deuterium Engine > --- PROPULSION ------- Wheel Armored Wheel Armored Wheel > --- UTILITY ---------- Huge Storage Unit Seismic Detector Weapon Shielding > --- WEAPON ----------- Autogun Grenade Launcher > --- INVENTORY -------- Heavy Ion Engine Heavy Ion Engine Improved Treads Improved Treads Improved Treads Improved Treads Improved Treads Large Storage Unit Utility Shielding Light Armor Plating Field Recycling Unit Improved Medium Laser Improved Medium Laser Autogun XL Autogun Array Light Cannon Light Cannon Light Cannon Flail Mining Claw Axe [Rating: 21] Favorites ----------- Power Light Deuterium Engine Engine Light Deuterium Engine Propulsion Armored Wheel Treads Improved Treads Leg Aluminum Leg Wheel Armored Wheel Utility Huge Storage Unit Device Seismic Detector Storage Huge Storage Unit Protection Weapon Shielding Weapon Autogun Ballistic Gun Autogun Ballistic Cannon Light Cannon Launcher Grenade Launcher Impact Weapon Flail Slashing Weapon Mining Claw Build | -11 -10 -10 -9 -9 -9 ------- Run | Scr Mat Min Mat Min Exi Slots Evolved 2 | . . . 2 . . Power . | . . . . . . Propulsion 1 | . . . 1 . . Utility 1 | . . . 1 . . Weapon . | . . . . . . Parts Attached 44 | . 11 2 18 3 10 Power 5 | . . . 3 . 2 Engine 5 | . . . 3 . 2 Core . | . . . . . . Reactor . | . . . . . . Propulsion 10 | . 2 . 3 1 4 Treads 4 | . . . . . 4 Leg . | . . . . . . Wheel 6 | . 2 . 3 1 . Hover . | . . . . . . Flight . | . . . . . . Utility 7 | . 3 . 3 . 1 Device 3 | . 1 . 1 . 1 Storage 2 | . 2 . . . . Processor . | . . . . . . Hackware . | . . . . . . Protection 2 | . . . 2 . . Artifact . | . . . . . . Weapon 22 | . 6 2 9 2 3 Energy Gun . | . . . . . . Energy Cannon . | . . . . . . Ballistic Gun 11 | . 4 1 6 . . Ballistic Cannon 2 | . . . . . 2 Launcher 4 | . 1 1 1 1 . Special Weapon . | . . . . . . Impact Weapon 1 | . 1 . . . . Slashing Weapon 4 | . . . 2 1 1 Piercing Weapon . | . . . . . . Special Melee Weapon . | . . . . . . Unidentified Prototypes 1 | . . . . . 1 Parts Lost 16 | . . 2 5 1 8 Power 3 | . . 1 1 . 1 Propulsion 7 | . . . 2 1 4 Utility 2 | . . . . . 2 Weapon 4 | . . 1 2 . 1 Highest Loss Streak 7 | . . 2 2 1 7 To Critical Strikes 3 | . . . . . 3 Average Slot Usage (%) 95 | . 89 95 99 100 87 Engine 11 | . 14 11 11 11 9 Wheel 29 | . 27 28 33 33 21 Device 10 | . 3 14 13 11 8 Storage 12 | . 14 14 11 11 11 Protection 5 | . . . 8 11 6 Ballistic Gun 21 | . 28 26 20 15 7 Launcher 1 | . . . . 4 7 Naked Turns . | . . . . . . Heaviest Build 102 | 12 90 90 94 93 102 Greatest Support 46 | 20 24 24 40 40 46 Greatest Overweight (x) 31 | . 3 3 2 2 31 Average Overweight (x) 2 | . 1 3 2 2 2 Largest Inventory Capacity 25 | 8 25 25 25 25 25 Average Capacity 23 | 8 19 25 25 25 25 Most Carried 25 | 8 20 22 25 25 24 Average Carried 19 | 6 13 21 22 24 22 Final Capacity 25 | 8 25 25 25 25 5 Final Carried 25 | 8 20 22 25 24 5 Class Distribution -------------------- 100% | Mutant Dominant Class ---------------- Mutant | -10/Materials Mutant | -10/Mines Mutant | -9/Materials Mutant | -9/Mines Mutant | -9/Exiles Resources | -11 -10 -10 -9 -9 -9 ----------- Run | Scr Mat Min Mat Min Exi Matter Collected 1148 | 218 196 19 653 57 5 Remotely . | . . . . . . Salvage Created 1567 | 103 300 19 962 138 45 Parts 111 | 5 19 4 69 11 3 Haulers Intercepted 1 | . . . 1 . . Recyclers Shooed 2 | . . . 2 . . Parts Field Recycled 3 | . . . . . 3 Retrieved Matter 14 | . . . . . 14 Parts Self-Destructed . | . . . . . . Prevented . | . . . . . . Kills | -11 -10 -10 -9 -9 -9 ------- Run | Scr Mat Min Mat Min Exi Combat Hostiles Destroyed 47 | . 10 3 22 5 7 Melee 1 | . . . . . 1 Guns 26 | . 7 . 17 2 . Cannons 2 | . . . . . 2 AOE 18 | . 3 3 5 3 4 Classes Destroyed 11 | 2 2 . 5 . 2 Worker 3 | . . . 3 . . Builder 3 | . . . 3 . . Tunneler 2 | 1 . . . 1 . Hauler 1 | . . . 1 . . Recycler 2 | 1 . . 1 . . Watcher 1 | . . . 1 . . Swarmer 15 | . 3 3 6 3 . Grunt 18 | . 7 . 9 2 . Sentry 7 | . . . 7 . . Zionite 1 | . . . . . 1 Assembled 7 | . . . . . 7 Best Kill Streak 9 | 2 3 3 9 3 8 Combat Bots Only 7 | . 3 3 5 3 7 Max Kills in Single Turn 3 | 1 3 3 3 2 3 Gunslinging . | . . . . . . Exploded 3 | . 3 3 1 2 3 Melee 1 | . . . . . 1 Uniques/NPCs Destroyed . | . . . . . . Combat | -11 -10 -10 -9 -9 -9 -------- Run | Scr Mat Min Mat Min Exi Damage Taken 2527 | . 169 411 795 59 1093 Core 512 | . . 102 126 8 276 Absorbed by Shields . | . . . . . . Redirected to Shielding 53 | . . . 46 2 5 Core Remaining (%) 79 | 100 . 59 . . . Volleys Fired 107 | 3 16 1 68 8 11 Largest 2 | 2 2 2 2 2 2 Hottest 70 | 40 46 53 46 46 70 Shots Fired 194 | 6 28 2 120 15 23 Gun 162 | 6 27 1 112 13 3 Cannon 16 | . . . . . 16 Launcher 16 | . 1 1 8 2 4 Special . | . . . . . . Kinetic 178 | 6 27 1 112 13 19 Thermal . | . . . . . . Explosive 16 | . 1 1 8 2 4 Electromagnetic . | . . . . . . Robot Hit Streak 18 | 3 10 . 18 8 12 Robot Miss Streak 2 | 1 1 . 2 1 1 Penetration Max . | . . . . . . Secondary Targets 1 | . . . 1 . . Max Gunslinging Chain 1 | . . . 1 . . Shots Hit Robots 141 | 3 21 . 86 9 22 Core Hits 85 | 3 14 2 47 8 11 Critical Kills 2 | . . . 2 . . Critical Parts Destroyed . | . . . . . . Critical Strikes 2 | . . . 2 . . Destroy 2 | . . . 2 . . Melee Attacks 6 | . . . 4 1 1 Impact . | . . . . . . Slashing 6 | . . . 4 1 1 Piercing . | . . . . . . Sneak Attacks . | . . . . . . Combat Hostiles . | . . . . . . Follow-up Attacks . | . . . . . . Damage Inflicted 3591 | 41 433 110 2109 290 608 Guns 1885 | 41 324 . 1354 122 44 Cannons 248 | . . . . . 248 Explosions 1428 | . 109 110 755 168 286 Melee 30 | . . . . . 30 Ramming . | . . . . . . Kinetic 2133 | 41 324 . 1354 122 292 Thermal . | . . . . . . Explosive 1428 | . 109 110 755 168 286 Electromagnetic . | . . . . . . Impact . | . . . . . . Slashing 30 | . . . . . 30 Piercing . | . . . . . . Highest Corruption 4 | . 1 1 1 1 4 Average Corruption 1 | . 1 1 1 1 1 Corruption Purged . | . . . . . . Corruption Blocked . | . . . . . . Effects 16 | . 1 2 6 2 5 Message Errors 4 | . . 1 2 1 . Matter Fused 4 | . . 1 2 . 1 Heat Flow Errors 1 | . . . . . 1 Energy Discharges 2 | . . . 1 . 1 Parts Rejected 1 | . . . 1 . . Data Loss (minor) 1 | . 1 . . . . Data Loss (major) 1 | . . . . . 1 Misfires 2 | . . . . 1 1 Overload Shots . | . . . . . . Overflow Damage 140 | . . 18 97 . 25 Projectiles . | . . . . . . Explosions 140 | . . 18 97 . 25 Melee . | . . . . . . Knockbacks 3 | . . . . . 3 Impact . | . . . . . . Kinetic 3 | . . . . . 3 Secondary . | . . . . . . Self-Inflicted Damage 61 | . . 22 . 15 24 Shots 3 | . . 1 . 1 1 Rammed . | . . . . . . Targets Rammed . | . . . . . . Kicked . | . . . . . . Crushed . | . . . . . . Highest Temperature 264 | . 30 12 31 8 264 Average Temperature 16 | . 12 9 6 3 62 Received Heat Transfer 492 | . 105 . 363 24 . Siege Activations . | . . . . . . Robots Corrupted . | . . . . . . Combat Hostiles . | . . . . . . Parts Fried . | . . . . . . Impact Corruptions . | . . . . . . Robots Melted . | . . . . . . Combat Hostiles . | . . . . . . Parts Melted . | . . . . . . Heat Transferred . | . . . . . . Parts Sabotaged . | . . . . . . Parts Stolen . | . . . . . . Parts Stripped . | . . . . . . Power Chain Reactions . | . . . . . . Missiles Intercepted . | . . . . . . Alert | -11 -10 -10 -9 -9 -9 ------- Run | Scr Mat Min Mat Min Exi Peak Influence 505 | 10 230 130 505 279 . Initial 98 | . 5 36 36 98 . Average 181 | 8 100 66 260 200 . Maximum Alert Level 2 | . 1 . 2 1 . Low Security (%) 55 | 100 77 100 29 58 . Level 1 40 | . 22 . 61 41 . Level 2 4 | . . . 8 . . Level 3 . | . . . . . . Level 4 . | . . . . . . Level 5 . | . . . . . . High Security . | . . . . . . Max Security . | . . . . . . Squads Dispatched 4 | . 3 . 1 . . Investigation 3 | . 3 . . . . Extermination . | . . . . . . Reinforcement 1 | . . . 1 . . Assault . | . . . . . . Garrison . | . . . . . . Intercept . | . . . . . . Searches Triggered . | . . . . . . Construction Impeded . | . . . . . . Haulers Reinforced . | . . . . . . Active Scanning Responses . | . . . . . . Cargo Convoy Interrupts . | . . . . . . Stealth | -11 -10 -10 -9 -9 -9 --------- Run | Scr Mat Min Mat Min Exi Distress Signals 4 | . 2 . 2 . . Communications Jammed . | . . . . . . Distress Signals . | . . . . . . Times Spotted 89 | . 17 15 29 5 23 Peak Tracking Total 18 | . 3 11 4 3 18 Tactical Retreats 2 | . . 1 1 . . Traps | -11 -10 -10 -9 -9 -9 ------- Run | Scr Mat Min Mat Min Exi Traps Triggered 4 | . 2 . 2 . . Indirectly . | . . . . . . Trap Hack Attempts . | . . . . . . Triggered . | . . . . . . Disarmed . | . . . . . . Reprogrammed . | . . . . . . Reused . | . . . . . . Traps Extracted . | . . . . . . Installed . | . . . . . . Triggered . | . . . . . . Machines | -11 -10 -10 -9 -9 -9 ---------- Run | Scr Mat Min Mat Min Exi Machines Disabled 20 | . 2 . 13 1 4 Max in Single Turn 2 | . 1 . 2 1 2 Machines Sabotaged . | . . . . . . Overloaded Fab Kills . | . . . . . . Hacking | -11 -10 -10 -9 -9 -9 --------- Run | Scr Mat Min Mat Min Exi Machines Accessed 13 | . 5 1 6 . 1 Terminals 12 | . 5 1 6 . . Fabricators . | . . . . . . Repair Stations . | . . . . . . Recycling Units . | . . . . . . Scanalyzers . | . . . . . . Garrison Access . | . . . . . . Total Hacks 38 | . 18 1 18 . 1 Successful 23 | . 10 1 11 . 1 Failed 15 | . 8 . 7 . . Catastrophic 3 | . 3 . . . . Database Lockouts . | . . . . . . Manual 36 | . 15 4 16 . 1 Terminals 37 | . 18 1 18 . . Fabricators . | . . . . . . Repair Stations . | . . . . . . Recycling Units . | . . . . . . Scanalyzers . | . . . . . . Garrison Access . | . . . . . . Terminal Hacks 16 | . 8 . 7 . 1 Robot Analysis 3 | . 3 . . . . Prototype ID Bank 1 | . . . 1 . . Branch Access Points 2 | . 1 . 1 . . Emergency Access Points 1 | . 1 . . . . Terminal Index 1 | . 1 . . . . Alert Level 3 | . 1 . 2 . . Unreport Threat 1 | . . . 1 . . Transport Status 1 | . . . 1 . . Zone Layout 2 | . 1 . 1 . . EX-Prototype ID Bank 1 | . . . . . 1 Fabricator Hacks . | . . . . . . Repair Station Hacks . | . . . . . . Recycling Unit Hacks . | . . . . . . Scanalyzer . | . . . . . . Garrison Access Hacks . | . . . . . . Unauthorized Hacks 7 | . 2 1 4 . . Terminals 7 | . 2 1 4 . . Botnet 6 | . 2 1 3 . . Disrupt 1 | . . . 1 . . Fabricators . | . . . . . . Repair Stations . | . . . . . . Recycling Units . | . . . . . . Scanalyzers . | . . . . . . Garrison Access . | . . . . . . Data Cores Recovered . | . . . . . . Used . | . . . . . . Hacking Detections 9 | . 4 . 5 . . Full Trace Events 4 | . 3 . 1 . . Feedback Events . | . . . . . . Feedback Blocked . | . . . . . . Robot Schematics Acquired . | . . . . . . Robots Built . | . . . . . . Authchips . | . . . . . . Time . | . . . . . . Total Robot Build Rating . | . . . . . . Part Schematics Acquired . | . . . . . . Parts Built . | . . . . . . Authchips . | . . . . . . Time . | . . . . . . Total Part Build Rating . | . . . . . . Parts Repaired . | . . . . . . Time . | . . . . . . Parts Recycled . | . . . . . . Recycled Matter . | . . . . . . Retrieved Matter . | . . . . . . Retrieved Components . | . . . . . . Parts Scanalyzed . | . . . . . . Part Schematics Acquired . | . . . . . . Parts Damaged . | . . . . . . Bothacking | -11 -10 -10 -9 -9 -9 ------------ Run | Scr Mat Min Mat Min Exi Used RIF Installer . | . . . . . . Robots Hacked . | . . . . . . Non-combat . | . . . . . . Combat . | . . . . . . Robot Hacks Applied . | . . . . . . Relay Couplers Released . | . . . . . . Fabnet Peak Effective % . | . . . . . . Robots Rewired . | . . . . . . Allies Hacked . | . . . . . . Hacks Repelled . | . . . . . . Allies | -11 -10 -10 -9 -9 -9 -------- Run | Scr Mat Min Mat Min Exi Total Allies . | . . . . . . Largest Group . | . . . . . . Highest-Rated Group . | . . . . . . Highest-Rated Ally . | . . . . . . Total Orders . | . . . . . . Ally Attacks . | . . . . . . Total Damage . | . . . . . . Kills . | . . . . . . Allies Corrupted . | . . . . . . Allies Melted . | . . . . . . Intel | -11 -10 -10 -9 -9 -9 ------- Run | Scr Mat Min Mat Min Exi Robot Analysis Total 3 | . 3 . . . . Derelict Logs Recovered 2 | . . 2 . . . Drone Launches . | . . . . . . Drone Recoveries . | . . . . . . Exploration | -11 -10 -10 -9 -9 -9 ------------- Run | Scr Mat Min Mat Min Exi Turns Passed 3140 | 33 789 357 1340 304 317 Spaces Moved 2087 | 18 571 256 830 232 180 Core 2 | . . . . . 2 Treads 10 | . . . . . 10 Legs 36 | 18 18 . . . . Wheels 2039 | . 553 256 830 232 168 Hover . | . . . . . . Flight . | . . . . . . Fastest Speed 50 | 120 90 135 120 116 50 Average Speed 123 | 120 119 135 122 116 134 Slowest Speed 1600 | 120 135 135 123 123 1600 Overloaded Moves . | . . . . . . Propulsion Burnouts . | . . . . . . Robots Hopped . | . . . . . . Cave-ins Triggered . | . . . . . . Exploration Rate (%) 49 | 2 86 53 68 42 43 Regions Visited 5 Branch Regions 3 Pre-discovered Areas 2 | . . 2 . . . Known Exits Taken 2 | . 1 . 1 . . Unknown Exits Taken 3 | 1 . 1 . 1 . Scrap Searched . | . . . . . . Spaces Dug 13 | . . 8 4 1 . Terrain Destroyed 78 | . 4 8 48 14 4 Melee 5 | . . . 4 1 . Projectile . | . . . . . . AOE 73 | . 4 8 44 13 4 Terrain Rammed . | . . . . . . Walls Destroyed . | . . . . . . Machines Disabled . | . . . . . . Actions | -11 -10 -10 -9 -9 -9 --------- Run | Scr Mat Min Mat Min Exi Total 2473 | 24 659 264 1044 250 232 Wait 170 | . 31 4 104 7 24 Move 2082 | 17 570 255 829 231 180 Hop . | . . . . . . Pick Up 40 | 3 18 2 16 . 1 Fast Attach 8 | . 7 . 1 . . Attach 17 | . . . 9 1 7 Detach 1 | . 1 . . . . Swap 19 | . 4 2 8 2 3 Drop 23 | 1 12 . 5 . 5 Fire 107 | 3 16 1 68 8 11 Melee 6 | . . . 4 1 1 Ram . | . . . . . . Kick . | . . . . . . Crush . | . . . . . . Escape Stasis . | . . . . . . Rewire . | . . . . . . Trap . | . . . . . . Miscellaneous . | . . . . . . Route ------- -11/Scrapyard -10/Materials (discovered 3 exits: *Mat x2 / *Min) -10/Mines (discovered 2 exits: *Mat x2) -9/Materials (discovered 3 exits: [*Mat x2] / *Min) -9/Mines (discovered 2 exits: [*Mat] / *Exi) -9/Exiles History --------- Turn | Location | Event 11 | -11/Scrapyard | Discovered new exit (range 3) 34 | -11/Scrapyard | Entered Materials 233 | -10/Materials | Identified exit to Mines 301 | -10/Materials | Build established: Mutant 344 | -10/Materials | Discovered new exit (range 13) 676 | -10/Materials | Discovered new exit (range 3) 823 | -10/Materials | Entered Mines 933 | -10/Mines | Learned location of Zion (-6) 954 | -10/Mines | Discovered new exit (range 11) 1066 | -10/Mines | Discovered new exit (range 3) 1113 | -10/Mines | Assembled infested the area 1180 | -10/Mines | Entered Materials 1180 | -9/Materials | Evolved 2 slots: Propulsion x1, Utility x1 1696 | -9/Materials | Discovered new exit (range 3) 1873 | -9/Materials | Discovered new exit (range 15) 2055 | -9/Materials | Identified exit to Mines 2520 | -9/Materials | Entered Mines 2534 | -9/Mines | Discovered new exit (range 15) 2616 | -9/Mines | Deemed a non-threat by the Exiles lab entrance 2617 | -9/Mines | Discovered new exit (range 5) 2824 | -9/Mines | Entered Exiles 2853 | -9/Exiles | Met 8R-AWN 2872 | -9/Exiles | Met EX-HEX 2905 | -9/Exiles | Met EX-BIN 2922 | -9/Exiles | Aligned with FarCom system 2923 | -9/Exiles | Given EX-Vault access code 2952 | -9/Exiles | Opened EX-Vault 2963 | -9/Exiles | Found XL Autogun Array 2989 | -9/Exiles | Warned to stay clear of 0b10 Research branches 3002 | -9/Exiles | Exiles lab attacked by MAIN.C 3022 | -9/Exiles | Attacked by the Exiles 3034 | -9/Exiles | Core integrity fell below 50% 3072 | -9/Exiles | Core integrity fell below 20% 3078 | -9/Exiles | Destroyed 7 combat bots 3093 | -9/Exiles | Lost 7 parts (1p3n2u1w) 3141 | -9/Exiles | Released all parts (7) 3141 | -9/Exiles | Destroyed by P-60 Hacker with Shock Rifle Last Messages --------------- 03119_ Penetrated by HV Slug. 03119_ HV Slug penetrates Wall. 03119_ Slug penetrates 8R-AWN. 03123_ HV Slug penetrates Wall. 03123_ HV Slug penetrates Earth. 03127_ Penetrated by HV Slug. 03127_ HV Slug penetrates Machine. 03127_ Machine disabled. 03128_ 8R-AWN destroyed. 03133_ Field Recycling Unit collects Mak. Leg, recycling 1 matter... 03136_ P-60 Hacker resets D-53 Grenadier, system corruption cleaned. 03137_ Field Recycling Unit collects Imp. Ion Engine, recycling 0 matter... 03138_ System corrupted: Energy discharge (-98). 03141_ Released Field Recycling Unit. 03141_ Released Huge Storage Unit. 03141_ Released Imp. Treads. 03141_ Released Hvy. Ion Engine. 03141_ Released Lgt. Cannon. 03141_ Released Imp. Treads. Map ----- +----------------------------------------------------+ | ???????????????#" """##???????????????? | | ???????????????## """""???????????????? | | ????????????????# """##???????????????? | | ????????????????#" "X" """""???????????????? | | ????????????????#" """ # ???????????????? | | ????????????????#" """""""""#????????????????? | | ???????????????##" ###########????????????????? | | ??????????????##"" #??????????????????????????? | | ????????????###"" #??????????????????????????? | | ????????????""""" ##?????????????????????????? | | ??????????"" " "" ##?#############??????????? | | ??????????"" " ###;#"""""""""##?????????? | | ????????? " " """ """"##????????? | | ??????? "" " #????????? | | ??????? " """#????????? | | ???????? " "#????????? | | ??????? " "##???????? | | ???????? ""###?????? | | ???????? """"" """#?????? | | ???????? ######" "#????## | | ????????? ""#?????####" ##???# | | ???????????????????##### ##?## | | ???????????????????# ## ### | | ?????????????????????# pg = | | ???????????????????### *== d p g [[ | | ????????????????####"" =@[! p g !! | | ???????????? """ [=![[ pg #"" | | ?????????? ]/!/ #### | | ?????????? ]!/ ##??? | | ?????????? ##???? | | ??????????? " " ""#????? | | ???????????? ""## ##""" # % "##????? | | ??????????????#??# ?#####""" """# """ ""##?????? | | ?????????????????# ??????###""""###########??????? | | ?????????????????#??????????#####????????????????? | | ?????????????????????????????????????????????????? | | ?????????????????????????????????????????????????? | | ?????????????????????????????????????????????????? | | ?????????????????????????????????????????????????? | | ?????????????????????????????????????????????????? | | ?????????????????????????????????????????????????? | | ?????????????????????????????????????????????????? | | ?????????????????????????????????????????????????? | | ?????????????????????????????????????????????????? | | ?????????????????????????????????????????????????? | | ?????????????????????????????????????????????????? | | ?????????????????????????????????????????????????? | | ?????????????????????????????????????????????????? | | ?????????????????????????????????????????????????? | | ?????????????????????????????????????????????????? | +----------------------------------------------------+ Best States ------------- Heat Dissipation 28 Energy Generation 14 Energy Capacity 280 Matter Stores 300 Matter Capacity 300 Sight Range 16 Terrain Scan Density 10 ECM Strength 1 Resistance: KI 20 Resistance: TH 20 Resistance: EX 20 Resistance: EM 20 Resistance: I 20 Resistance: S 20 Resistance: P 20 Utility Shielding 33 Weapon Shielding 33 Evasion (%) 55 Recoil Reduction 2 Offensive Hacking 10 Item Schematics ----------------- None Robot Schematics ------------------ None Fabricated ------------ Nothing Alien Tech Used ----------------- None Achievements -------------- None Challenges ------------ None Game ------ Seed ContainmentEnhancedShielding Manual? 0 Play Time 00:54:52 Cumulative 116.8 hours Start 2022.11.11 @ 17:00:53 End 2022.11.12 @ 11:35:10 Sessions 9 Manual Loads 0 Difficulty Adventurer Special Mode None Game No. 80 Rogue 3 Adventurer 59 Explorer 18 Win Type - Total 1 Types 1/0/0/0/0/0/0/0/0 Lore% 51 Gallery% 55 Achievement% 44 Wizard Run 0 Options --------- ASCII 0 Keyboard 0 Movement Numpad Keybinds 0 Fullscreen 1 Font 24/Smallcaps Map View 76x50 Tactical HUD 1 Map Filters NONE Filters BRIGHTNESS(87) Steam 1 RUN: 64854543-3a20-4ec4-b69d-34140deec995